 Dungeon Crawl Stone Soup version 0.19-a0-805-g0a78ef0 (webtiles) character file.

200 Arkorax the Ducker (level 5, -1/44 HPs)
             Began as a Minotaur Artificer on June 27, 2016.
             Was an Initiate of Gozag.
             Slain by Natasha (4 damage)
             ... on level 3 of the Dungeon.
             The game lasted 00:03:40 (3396 turns).

Arkorax the Ducker (Minotaur Artificer)             Turns: 3396, Time: 00:03:41

Health: -1/44      AC:  4    Str: 23    XL:     5   Next: 49%
Magic:  15/15      EV: 12    Int:  8    God:    Gozag
Gold:   285        SH:  0    Dex: 10    Spells: 0 memorised, 4 levels left

rFire  . . .     SeeInvis .     p - +0 hand axe
rCold  . . .     Gourm    .     b - +0 leather armour
rNeg   . . .     Faith    .     (no shield)
rPois  .         Spirit   .     (helmet restricted)
rElec  .         Dismiss  .     (no cloak)
rCorr  .         Reflect  .     B - +0 pair of gloves
SustAt .         Harm     .     (no boots)
MR     .....     Rnd*Tele +     (no amulet)
Stlth  +.........               o - ring of magical power
                                h - ring of teleportation (curse)

@: mighty, not resistant to hostile enchantments, very unstealthy
A: retaliatory headbutt, horns 2
a: Potion Petition, Call Merchant, Bribe Branch, Renounce Religion


You were on level 3 of the Dungeon.
You worshipped Gozag.
Gozag was noncommittal.
You were not hungry.

You visited 1 branch of the dungeon, and saw 4 of its levels.

You collected 311 gold pieces.
You paid 26 gold pieces to Gozag.

Inventory:

Hand Weapons
 a - a +0 short sword
 p - a +0 hand axe (weapon)
Armour
 b - a +0 leather armour (worn)
 B - a +0 pair of gloves (worn)
Jewellery
 h - a cursed ring of teleportation (left hand)
 o - a ring of magical power (right hand)
 x - an uncursed ring of magical power
Wands
 c - a wand of flame (15/48)
 d - a wand of enslavement (15/24)
 e - a wand of random effects (15/48)
 y - a wand of lightning (2/15)
Scrolls
 f - a scroll of magic mapping {unknown}
 i - 3 scrolls of immolation {unknown}
 l - 2 scrolls of recharging {unknown}
 n - 3 scrolls of teleportation {unknown}
 q - 2 scrolls of enchant weapon {unknown}
 r - a scroll of amnesia {unknown}
 s - a scroll of blinking {unknown}
 t - 2 scrolls of remove curse {unknown}
 u - a scroll of enchant armour {unknown}
 C - a scroll of fog {unknown}
Potions
 j - a potion of magic {unknown}
 m - a potion of haste {unknown}
 v - a potion of agility
 D - a potion of curing {unknown}
Comestibles
 g - 3 fruits
 k - a meat ration
 z - a beef jerky
 A - a bread ration


   Skills:
 + Level 2.8 Fighting
 - Level 1.1 Short Blades
 * Level 3.1 Axes
 + Level 3.1 Armour
 + Level 3.3 Dodging
 - Level 0.7 Stealth
 - Level 1.4 Unarmed Combat
 - Level 2.6 Evocations


You had 4 spell levels left.
You didn't know any spells.

Dungeon Overview and Level Annotations

Branches:
Dungeon (4/15)
 Temple: D:4-7

Altars:
Cheibriados
Gozag
Okawaru
Pakellas
Trog
Zin

Annotations:
D:3 Natasha


Innate Abilities, Weirdness & Mutations

You reflexively headbutt those who attack you in melee.
You have a pair of horns on your head.


Message History

You barely miss Natasha. You headbutt Natasha, but do no damage.
You barely miss the giant cockroach.
The giant cockroach completely misses you.
The giant cockroach bites you. Natasha claws you!
* * * LOW HITPOINT WARNING * * *
You are too injured to fight recklessly!
You are too injured to fight recklessly!
You are too injured to fight recklessly!
You are too injured to fight recklessly!
You are too injured to fight recklessly!
You are too injured to fight recklessly!
You feel very mighty all of a sudden.
The giant cockroach bites you but does no damage.
Natasha claws you.
* * * LOW HITPOINT WARNING * * *
You closely miss Natasha. You hit the giant cockroach.
The giant cockroach is severely wounded.
The giant cockroach closely misses you. Natasha claws you.
You die...
Your body crumbles into a pile of gold.

##### #...# #.#.#
####### ####.#.######
#....s####....#......#
#....h@....#######.#.#
#.............#(.....#
#.......#####.#.)....##
#........# ##.#..)....#
##....(..# #....)......
#.......###.##........
##..........###..<....
##....................
#..#.######.###.#.....


You could see Natasha and a giant cockroach.

Vanquished Creatures
  An orc wizard (D:4)
  Natasha (D:3)
  A worker ant (D:4)
  5 adders
  3 oozes
  4 worms
  A giant gecko (D:4)
  3 orcs
  8 bats
  A giant cockroach (D:3)
  8 hobgoblins
  A quokka (D:2)
  8 giant newts
  4 goblins
  7 kobolds
  7 rats
63 creatures vanquished.

Notes
Turn   | Place    | Note
--------------------------------------------------------------
     0 | D:1      | Arkorax the Minotaur Artificer began the quest for the Orb.
     0 | D:1      | Reached XP level 1. HP: 16/16 MP: 1/1
    65 | D:1      | Reached skill level 1 in Unarmed Combat
    65 | D:1      | Reached XP level 2. HP: 21/24 MP: 3/3
   121 | D:1      | Reached skill level 1 in Armour
   861 | D:2      | Reached XP level 3. HP: 25/29 MP: 4/4
  1047 | D:2      | Reached skill level 1 in Axes
  1748 | D:2      | Reached XP level 4. HP: 30/36 MP: 5/5
  1810 | D:2      | Found an opulent altar of Gozag.
  1957 | D:2      | Became a worshipper of Gozag Ym Sagoz the Greedy
  2068 | D:3      | Found an iron altar of Okawaru.
  2104 | D:3      | Noticed Natasha
  2112 | D:3      | Killed Natasha
  2554 | D:3      | Reached XP level 5. HP: 42/42 MP: 6/6
  2936 | D:4      | Found a snail-covered altar of Cheibriados.
  3034 | D:4      | Found a glowing silver altar of Zin.
  3039 | D:4      | Found an oddly glowing altar of Pakellas.
  3039 | D:4      | Found a bloodstained altar of Trog.
  3393 | D:3      | Noticed Natasha
  3396 | D:3      | Slain by Natasha

Vault maps used:
D:1:      erik_arrival_triangle_small, minmay_hexomino_f4
D:2:      grunt_gozag_breadcrumbs, minmay_distorted
D:3:      okawaru_trees_1, first_bread, uniq_natasha
D:4:      nicolae_overflow_hidden_temple, overflow_temple_1_default,
          grunt_temple_overflow_open

Skill      XL: |  1  2  3  4  5 |
---------------+----------------+-----
Unarmed Combat | 1 |  1.4
Armour         | 1 2 3 |  3.1
Fighting       | 2 |  2.8
Axes           | 1 2 3 |  3.1
Dodging        | 3 |  3.3
Short Blades   | |  1.1
Stealth        | |  0.7
Evocations     | |  2.6

Action                   |  1- 3 |  4- 6 || total
-------------------------+-------+-------++-------
Melee: Unarmed           |    51 |       ||    51
       Headbutt          |    11 |     9 ||    20
       Hand axe          |    46 |    58 ||   104
       Punch             |     1 |       ||     1
Invok: Potion Petition   |       |     1 ||     1
  Use: Potion            |       |     3 ||     3
  Eat: Bread ration      |     1 |       ||     1
       Meat ration       |       |     1 ||     1
Armor: Leather armour    |    20 |    16 ||    36
Dodge: Dodged            |    53 |    73 ||   126
